 Dungeon Crawl Stone Soup version 0.27-a0-577-ge2a43ba0c9 (webtiles) character file.

Game seed: 15475883290369793526

114 tilp the Sneak (level 4, -2/29 HPs)
             Began as an Octopode Transmuter on Mar 9, 2021.
             Slain by a gnoll
             ... wielding a +0 spear
              (7 damage)
             ... on level 3 of the Dungeon.
             The game lasted 00:04:52 (3344 turns).

tilp the Sneak (Octopode Transmuter)                Turns: 3344, Time: 00:04:53

Health: -2/29      AC:  1    Str:  9    XL:     4   Next: 98%
Magic:  4/7        EV: 13    Int: 16    God:
Gold:   129        SH:  0    Dex: 12    Spells: 1/7 levels left

rFire    . . .     SeeInvis .     - Unarmed
rCold    . . .     Faith    .   (no shield)
rNeg     . . .     Spirit   .   (helmet currently unavailable)
rPois    .         Reflect  .   (no amulet)
rElec    .         Harm     .   (no ring)
rCorr    .         Rampage  .   (no ring)
Will     .....                  (no ring)
Stlth    +++.......             (no ring)
HPRegen  0.09/turn              (no ring)
MPRegen  0.10/turn              (no ring)
                                (no ring)
                                (no ring)

@: appendages, wereblooded
A: almost no armour, amphibious, 8 rings, constrict 8, tentacle spike 3,
camouflage 1, gelatinous body 1, nimble swimmer 1
a: End Transformation


You were on level 3 of the Dungeon.
One of your tentacles had a temporary spike.
You visited 1 branch of the dungeon, and saw 3 of its levels.

You collected 129 gold pieces.

Inventory:

Missiles
 c - 37 stones (quivered)
 f - a throwing net {!f}
Scrolls
 a - 4 scrolls of fear
 b - 2 scrolls of identify
 g - 2 scrolls of enchant weapon
 h - a scroll of amnesia
 j - a scroll of immolation {unknown}
 k - a scroll of teleportation {unknown}
 l - a scroll of blinking {unknown}
Potions
 d - a potion of attraction
 e - a potion of ambrosia
 i - a potion of curing


   Skills:
 + Level 2.0 Fighting
 + Level 2.8 Dodging
 - Level 4.0 Stealth
 + Level 3.5 Unarmed Combat
 - Level 2.0 Spellcasting
 - Level 2.0 Transmutations


You had one spell level left.
You knew the following spells:

 Your Spells              Type           Power      Damage    Failure   Level
a - Beastly Appendage     Tmut           16%        N/A       9%          1
b - Wereblood             Tmut           8%         N/A       14%         2
c - Spider Form           Tmut/Pois      2%         N/A       38%         3

Your spell library contained the following spells:

 Spells                   Type           Power      Damage    Failure   Level
 Ice Form                 Ice/Tmut       4%         N/A       80%         4
 Blade Hands              Tmut           4%         N/A       94%         5


Dungeon Overview and Level Annotations

Branches:
Dungeon (3/15)

Altars:

Annotations:
D:2 roaming ogre S side


Innate Abilities, Weirdness & Mutations

You cannot wear most types of armour.
You are amphibious.
You can wear up to eight rings at the same time.
You can use your tentacles to constrict eight enemies at once.
Your skin changes colour to match your surroundings (Stealth+).
Your rubbery body absorbs attacks. (AC +1, EV +1)
You are stealthy while swimming. (Stealth+)
One of your tentacles bears a large vicious spike.


Message History

There is a stone staircase leading down here.
You tentacle-slap the hobgoblin but do no damage.
You grab the hobgoblin.
You constrict the hobgoblin, but do no damage.
The hobgoblin hits you with a +0 club.
* * * LOW HITPOINT WARNING * * *
You tentacle-slap the hobgoblin.
You kill the hobgoblin!
You start resting.
Magic restored.
You start resting.
HP restored.
You start waiting.
Done waiting.
You start waiting.
Done waiting.
Things that are here:
a +0 club; a hobgoblin skeleton
There is a stone staircase leading down here.
Casting: Wereblood (safe; 14% risk of failure)
Confirm with . or Enter, or press ? or * to list all spells.
One of your tentacles grows a vicious spike.
Casting: Beastly Appendage (safe; 9% risk of failure)
Confirm with . or Enter, or press ? or * to list all spells.
Your blood is infused with primal strength.
You climb downwards.
The gnoll hits you from afar with a +0 spear!
There is a stone staircase leading up, spattered with blood here.
Unknown command.
Unknown command.
The gnoll hits you from afar with a +0 spear.
The gnoll hits you with a +0 spear.
* * * LOW HITPOINT WARNING * * *
You tentacle-slap the gnoll. You grab the gnoll.
You pierce the gnoll.
The gnoll is lightly wounded.
You constrict the gnoll, but do no damage.
The gnoll hits you from afar with a +0 spear.
* * * LOW HITPOINT WARNING * * *
The gnoll hits you with a +0 spear!
You die...

# .########
........#######
....##........###### ####
....#.....###..<@gg#....#
#..........#######...#
#..........#####....##
#..........gg†gg..###
#...#......####..##
#).#.......##...##
#..#......g...###
...#...g....###
#.........###


You could see 2 gnolls.

Vanquished Creatures
  5 adders
  An ooze (D:3)
  A worm (D:2)
  2 dart slugs
  A leopard gecko (D:2)
  5 bats
  6 giant cockroaches
  7 goblins
  6 hobgoblins
  4 jackals (D:3)
  4 kobolds
  A quokka (D:2)
  4 frilled lizards
  6 rats
53 creatures vanquished.

Notes
Turn   | Place    | Note
-------+----------+-------------------------------------------
     0 | D:1      | tilp the Octopode Transmuter began the quest for the Orb.
     0 | D:1      | Reached XP level 1. HP: 13/13 MP: 3/3
   109 | D:1      | Reached skill level 1 in Stealth
   182 | D:1      | Reached skill level 2 in Stealth
   253 | D:1      | Reached XP level 2. HP: 16/18 MP: 5/5
   258 | D:1      | Learned a level 2 spell: Wereblood
   366 | D:1      | Reached skill level 3 in Stealth
   500 | D:1      | Reached XP level 3. HP: 23/23 MP: 6/6
   504 | D:1      | Learned a level 3 spell: Spider Form
   527 | D:1      | Reached skill level 4 in Stealth
  1609 | D:2      | Reached XP level 4. HP: 25/28 MP: 5/7
  1667 | D:2      | Noticed an ogre
  3344 | D:3      | Slain by a gnoll

Illustrated notes

Levels and vault maps discovered:
D:1:      noname_arrival_rooms_in_the_neighbourhood, layout_basic,
          minmay_worlds_worst_comb
D:2:      layout_loops_ring, dk_noncrumbling_2
D:3:      layout_rooms, minmay_misc_feat_rugged

Skill      XL: |  1  2  3  4 |
---------------+-------------+-----
Stealth        | 2 3 4 |  4.0
Fighting       | 2 |  2.0
Dodging        | |  2.8
Unarmed Combat | |  3.5
Spellcasting   | |  2.0
Transmutations | |  2.0

Action                   |  1- 3 |  4- 6 || total
-------------------------+-------+-------++-------
Melee: Unarmed           |    81 |    52 ||   133
       Constrict         |    24 |    16 ||    40
       Punch             |     3 |       ||     3
       Tentacles         |    12 |     9 ||    21
       Kick              |     2 |     9 ||    11
Throw: Stone             |     1 |       ||     1
 Cast: Beastly Appendage |     3 |     4 ||     7
       Wereblood         |     1 |     3 ||     4
  Use: Scroll            |     3 |     3 ||     6
 Stab: Sleeping          |     9 |     6 ||    15
Armor: Skin              |     7 |     8 ||    15
Dodge: Dodged            |    51 |    59 ||   110

Table legend: (Time is in decaauts)
 A = Elapsed time spent in this place.
 B = Non-inter-level travel time spent in this place.
 C = Inter-level travel time spent in this place.
 D = Time resting spent in this place.
 E = Time spent auto-exploring this place.
 F = Levels seen in this place.
 G = Mean time per level.
                   A        B        C        D        E       F      G
               +--------+--------+--------+--------+--------+-----+--------+
         Total |   3338 |   3135 |    203 |   1080 |   1474 |   3 | 1112.7 |
       Dungeon |   3338 |   3135 |    203 |   1080 |   1474 |   3 | 1112.7 |
               +--------+--------+--------+--------+--------+-----+--------+

Top non-repeatable levels by time:
     D:2: 1593 daAuts
     D:1: 1329 daAuts
     D:3: 415 daAuts
